 Dungeon Crawl Stone Soup version 0.29.0-4-gdea44cf6ec (webtiles) character file.

Game seed: 9994638458479282667

293 qw the Shield-Bearer (level 6, 0/35 HPs)
             Began as a Tengu Warper on Aug 28, 2022.
             Killed from afar by Natasha (5 damage)
             ... with a magic dart
             ... on level 4 of the Dungeon.
             The game lasted 00:00:24 (3596 turns).

qw the Shield-Bearer (Tengu Warper)                 Turns: 3596, Time: 00:00:25

Health: 0/35       AC: 11    Str: 13    XL:     6   Next: 33%
Magic:  10/10      EV:  1    Int: 13    God:
Gold:   62         SH: 13    Dex: 14    Spells: 9/9 levels left

rFire   . . .      SeeInvis .   Y - +1 hand axe
rCold   . . .      Faith    .   d - +0 tower shield
rNeg    . . .      Spirit   .   h - +0 plate armour
rPois   +          Reflect  .   (helmet restricted)
rElec   .          Harm     .   c - +0 cloak
rCorr   .          Rampage  .   (no gloves)
Will    +....                   (boots unavailable)
Stlth   ..........              (no amulet)
HPRegen 0.11/turn               k - ring of poison resistance
MPRegen 0.12/turn               j - ring of willpower

@: flying quickly and evasively, quick
A: beak, talons 3, nimble flight
a: no special abilities


You were on level 4 of the Dungeon.
You visited 1 branch of the dungeon, and saw 4 of its levels.

You collected 153 gold pieces.
You spent 91 gold pieces at shops.


Innate Abilities, Weirdness & Mutations

You have a beak for a mouth.
You have claws for feet.
Your magical nature lets you fly swiftly and evasively.


   Skills:
 - Level 2.0 Fighting
 - Level 4.5 Axes
 - Level 1.0 Throwing
 - Level 1.1 Armour
 - Level 2.1 Dodging
 + Level 4.8 Shields
 - Level 2.0 Spellcasting
 - Level 2.4 Translocations


You had 9 spell levels left.
You didn't know any spells.
Your spell library contained the following spells:

 Spells                   Type           Power      Damage    Failure   Level
 Blink                    Tloc           14%        N/A       100%        2
 Gell's Gravitas          Tloc           7%         N/A       100%        3
 Lesser Beckoning         Tloc           7%         N/A       100%        3
 Teleport Other           Tloc           7%         N/A       100%        3
 Manifold Assault         Tloc           7%         N/A       100%        5

Inventory:

Hand Weapons
 e - a +4 mace of protection
 Y - a +1 hand axe (weapon)
Armour
 c - a +0 cloak (worn)
 d - a +0 tower shield (worn)
 h - a +0 plate armour (worn)
 n - +0 fire dragon scales
Jewellery
 j - a ring of willpower (right hand)
 k - a ring of poison resistance (left hand)
Scrolls
 a - a scroll of identify
Potions
 b - a potion of mutation
 f - 3 potions of curing
 g - a potion of haste

Dungeon Overview and Level Annotations

Branches:
Dungeon (4/15)
 Temple: D:4-7

Altars:

Shops:
D:1 [   D:3 ?

Annotations:
D:4 Natasha


Message History

The gnoll hits you but does no damage.
You hit the orc. Your kick misses the orc. You peck the orc.
You kill the orc!
The gnoll hits you from afar with a +0 spear.
You block the gnoll's attack.
You hit the gnoll. You peck the gnoll.
The gnoll is heavily wounded.
The gnoll hits you with a +0 spear. The gnoll hits you but does no damage.
You hit the gnoll.
The gnoll is heavily wounded.
You block the gnoll's attack.
You slash the gnoll!
You kill the gnoll!
You hit the orc but do no damage. Your kick misses the orc.
The orc is lightly wounded.
You block the orc's attack. The orc hits you with a +0 morningstar!
You hit the orc. Your kick misses the orc.
The orc is moderately wounded.
The orc hits you but does no damage.
You hit the orc but do no damage.
The orc is moderately wounded.
You block the orc's attack.
You hit the orc. Your kick misses the orc.
The orc is heavily wounded.
You block the orc's attack. x2
You hit the orc. You claw the orc, but do no damage.
The orc is heavily wounded.
The orc completely misses you.
You hit the orc.
You kill the orc!
You start resting.
Natasha, Servant of Life and Death comes into view.
3592 ||| Stepping ~*~*~tactically~*~*~ (stealth).
You start resting.
Natasha is nearby!
Natasha casts a spell.
The gnoll shouts!
You hear a shout!
Natasha stares at you and mumbles some strange words.
The magic dart hits you.
You die...

####''''############# .#~~....##
....................# og#~~....#.
~~~~....~~~~~~~~~~~~#####~~....#.
~~~~....~~~~~~~~~~~~~~~~~~~....#.
~~~~...%~~~~~~~~~~~~~~~~~~~....#.
..............)..........P.....#.
####..######.##.#...##.##.#...)%.
#.....# #.).).).............##
####.###.# #.##.@))....##.####.#.
.....# #.# #.#####..h####.# #.#.
###### #.# #.#####.)......# #.#.
#.# #........%.##### #... #.#
########.[.# ###. #.# #.h.# ###.
#.. #...# #... ...
####o..########...
...........>..##..o


You could see Natasha, a gnoll and an orc.

Vanquished Creatures
  Blork the orc (D:4)
  Natasha (twice) (D:4)
  5 gnolls (D:4)
  3 adders
  An ufetubus (D:4)
  12 orcs
  2 ball pythons (D:1)
  2 endoplasms
  5 goblins
  7 hobgoblins
  20 jackals
  5 quokkas
  5 bats
  A frilled lizard (D:1)
  7 kobolds
  4 rats (D:1)
82 creatures vanquished.

Vanquished Creatures (others)
  3 plants (D:4)
3 creatures vanquished.

Grand Total: 85 creatures vanquished

Notes
Turn   | Place    | Note
-------+----------+-------------------------------------------
     0 | D:1      | qw the Tengu Warper began the quest for the Orb.
     0 | D:1      | Reached XP level 1. HP: 12/12 MP: 4/4
     0 | D:1      | 0 ||| qw: Version: 0.1-a-89-g26bdef1
     0 | D:1      | 0 ||| qw: Game counter: 2771
     0 | D:1      | 0 ||| qw: Always use a shield: true
     0 | D:1      | 0 ||| qw: God list: Okawaru
     0 | D:1      | 0 ||| qw: Allow faded altars: false
     0 | D:1      | 0 ||| qw: Do Orc after D:15 true
     0 | D:1      | 0 ||| qw: Do second Lair branch before Depths: true
     0 | D:1      | 0 ||| qw: Lair rune preference: random
     0 | D:1      | 0 ||| qw: Plans: Normal
     0 | D:1      | 0 ||| PLANNING D:1-11
     1 | D:1      | Found a faded altar of an unknown god.
   179 | D:1      | Found Utuamm's Antique Armour Emporium.
   187 | D:1      | 187 ||| SHOPLISTING pair of gloves (99 gold, have 17).
   187 | D:1      | 187 ||| SHOPLISTING plate armour (506 gold, have 17).
   187 | D:1      | 187 ||| SHOPLISTING ring mail (88 gold, have 17).
   237 | D:1      | Reached skill level 3 in Axes
   237 | D:1      | Reached XP level 2. HP: 17/17 MP: 6/6
   582 | D:1      | 582 ||| Stepping ~*~*~tactically~*~*~ (stealth).
   776 | D:1      | 776 ||| UPGRADING to +0 tower shield.
   781 | D:1      | 781 ||| UPGRADING to +0 fire dragon scales.
   791 | D:1      | 791 ||| DROPPING +0 leather armour.
   792 | D:1      | 792 ||| UPGRADING to ring of poison resistance.
   793 | D:1      | 793 ||| READING scroll labelled NOYTIFER HYEGY.
   794 | D:1      | 794 ||| READING scroll labelled QICLUN LISAN.
   795 | D:1      | 795 ||| DRINKING 3 bubbling black potions.
   796 | D:1      | 796 ||| DRINKING 2 silvery potions.
   797 | D:1      | 797 ||| DRINKING 3 white potions.
   798 | D:1      | 798 ||| DROPPING scroll of blinking.
   799 | D:1      | 799 ||| DROPPING 2 potions of brilliance.
  1049 | D:2      | Reached XP level 3. HP: 21/21 MP: 7/7
  1087 | D:2      | Reached skill level 1 in Shields
  1532 | D:2      | 1532 ||| READING 2 scrolls labelled SEXZIZU CUOK.
  1629 | D:3      | Found Vaps's Magic Scroll Shoppe.
  1669 | D:3      | 1669 ||| BUYING 2 scrolls of identify (52 gold).
  1669 | D:3      | Bought 2 scrolls of identify for 52 gold pieces
  1669 | D:3      | 1669 ||| BUYING scroll of teleportation (39 gold).
  1669 | D:3      | Bought a scroll of teleportation for 39 gold pieces
  1699 | D:3      | Reached XP level 4. HP: 19/26 MP: 8/8
  1924 | D:3      | 1924 ||| DROPPING +2 mace of holy wrath.
  1925 | D:3      | 1925 ||| DROPPING +0 club.
  2279 | D:3      | 2279 ||| UPGRADING to +0 plate armour.
  2289 | D:3      | 2289 ||| UPGRADING to ring of willpower.
  2290 | D:3      | 2290 ||| READING scroll labelled FILERPH POTEOL.
  2291 | D:3      | 2291 ||| READING 5 scrolls of identify.
  2291 | D:3      | 2291 ||| IDENTIFYING fuming amethyst potion
  2292 | D:3      | 2292 ||| READING 4 scrolls of identify.
  2292 | D:3      | 2292 ||| IDENTIFYING black potion
  2293 | D:3      | 2293 ||| READING 3 scrolls of identify.
  2293 | D:3      | 2293 ||| IDENTIFYING metallic black potion
  2294 | D:3      | 2294 ||| READING 2 scrolls of identify.
  2294 | D:3      | 2294 ||| IDENTIFYING green potion
  2295 | D:3      | 2295 ||| DROPPING potion of ambrosia.
  2296 | D:3      | 2296 ||| DROPPING potion of magic.
  2319 | D:4      | 2319 ||| STAIRDANCE
  2329 | D:4      | 2329 ||| STAIRDANCE
  2426 | D:4      | 2426 ||| STAIRDANCE
  2430 | D:3      | Reached skill level 3 in Shields
  2567 | D:4      | 2567 ||| Stepping ~*~*~tactically~*~*~ (stealth).
  2568 | D:4      | 2568 ||| Stepping ~*~*~tactically~*~*~ (stealth).
  2576 | D:4      | 2576 ||| Stepping ~*~*~tactically~*~*~ (hiding).
  2677 | D:4      | 2677 ||| FLEEEEING.
  2695 | D:4      | 2695 ||| Stepping ~*~*~tactically~*~*~ (water).
  2877 | D:4      | Gained mutation: Your magical nature lets you fly swiftly
                  | and evasively. [Tengu growth]
  2877 | D:4      | Reached XP level 5. HP: 30/30 MP: 9/9
  2881 | D:4      | HP: 7/30 [howler monkey (5)]
  2882 | D:4      | 2882 ||| READING scroll of teleportation.
  2883 | D:4      | 2883 ||| DRINKING 4 potions of heal wounds.
  2897 | D:4      | Noticed Natasha
  2908 | D:4      | HP: 6/30 [iron imp[Natasha] (8)]
  2909 | D:4      | 2909 ||| DRINKING 3 potions of heal wounds.
  2911 | D:4      | Killed Natasha
  3013 | D:4      | Noticed Blork the orc
  3026 | D:4      | HP: 4/30 [Blork the orc/puff of flame (5)]
  3027 | D:4      | 3027 ||| DRINKING 2 potions of heal wounds.
  3032 | D:4      | HP: 6/30 [Blork the orc/+4 mace of protection (3)]
  3033 | D:4      | 3033 ||| DRINKING potion of heal wounds.
  3038 | D:4      | Killed Blork the orc
  3110 | D:4      | 3110 ||| FLEEEEING.
  3111 | D:4      | 3111 ||| STAIRDANCE
  3225 | D:3      | 3225 ||| UPGRADING to +0 cloak.
  3234 | D:4      | 3234 ||| DROPPING +0 flail.
  3251 | D:4      | 3251 ||| Stepping ~*~*~tactically~*~*~ (hiding).
  3252 | D:4      | 3252 ||| Stepping ~*~*~tactically~*~*~ (hiding).
  3266 | D:4      | 3266 ||| FLEEEEING.
  3273 | D:4      | 3273 ||| STAIRDANCE
  3304 | D:3      | 3304 ||| READING 2 scrolls of identify.
  3304 | D:3      | 3304 ||| IDENTIFYING glowing emerald potion
  3305 | D:3      | 3305 ||| DROPPING potion of degeneration.
  3314 | D:4      | Noticed Natasha
  3315 | D:4      | Reached XP level 6. HP: 35/35 MP: 10/10
  3328 | D:4      | Killed Natasha
  3357 | D:4      | 3357 ||| FLEEEEING.
  3359 | D:4      | 3359 ||| STAIRDANCE
  3556 | D:4      | 3556 ||| Stepping ~*~*~tactically~*~*~ (hiding).
  3561 | D:4      | 3561 ||| Stepping ~*~*~tactically~*~*~ (stealth).
  3578 | D:4      | HP: 3/35 [orc/+0 morningstar (8)]
  3591 | D:4      | Noticed Natasha
  3592 | D:4      | 3592 ||| Stepping ~*~*~tactically~*~*~ (stealth).
  3596 | D:4      | Killed from afar by Natasha

Levels and vault maps discovered:
D:1:      dpeg_arrival_tiny_a, layout_loops_ring,
          ebering_ecumenical_altar_petrified, serial_shops, shop,
          minmay_misc_feat_pillars, nrook_loot_triangle, nicolae_hexahallways
D:2:      layout_loops_ring, st_stairs_3
D:3:      layout_basic, serial_shops, shop_statue
D:4:      lemuel_castle_with_subvaults [lemuel_castle_interior_original],
          layout_loops_cross, temple_hall, chequers_serial_rivers_micro_b,
          uniq_blork_the_orc, uniq_natasha

Skill      XL: |  1  2  3  4  5 |
---------------+----------------+-----
Axes           | 3 4 |  4.5
Shields        | 2 3 4 |  4.8
Fighting       | |  2.0
Throwing       | |  1.0
Armour         | |  1.1
Dodging        | |  2.1
Spellcasting   | |  2.0
Translocations | |  2.4

Action                   |  1- 3 |  4- 6 || total
-------------------------+-------+-------++-------
Melee: Hand axe          |    79 |   152 ||   231
       Kick              |    16 |    48 ||    64
       Peck              |     6 |    25 ||    31
       Punch             |     1 |       ||     1
Throw: Boomerang         |     7 |       ||     7
  Use: Potion            |     3 |     4 ||     7
       Scroll            |     3 |     7 ||    10
Armor: Leather armour    |    13 |       ||    13
       Fire dragon scale |    24 |     9 ||    33
       Plate armour      |       |   101 ||   101
Dodge: Dodged            |    29 |    10 ||    39
Block: Tower shield      |    32 |   179 ||   211

Table legend:
 A = Non-vault XP
 B = Vault XP
 C = Vault XP percentage of total XP
 D = Non-vault monster count
 E = Vault monster count
 F = Vault count percentage of total count
                 A         B        C        D         E       F
            +---------+---------+-------+---------+---------+-------
      Total |     178 |     241 |  57.5 |      57 |      25 |  30.5
            +---------+---------+-------+---------+---------+-------
        D:1 |      26 |       0 |   0.0 |      18 |       0 |   0.0
        D:2 |      25 |       4 |  13.8 |       8 |       2 |  20.0
        D:3 |      54 |       2 |   3.6 |      19 |       1 |   5.0
        D:4 |      73 |     235 |  76.3 |      12 |      22 |  64.7
            +---------+---------+-------+---------+---------+-------
